 Dungeon Crawl Stone Soup version 0.28.0-47-ge53b351184 (webtiles) character file.

Game seed: 5035716594365727821

128 klau3 the Chopper (level 5, -2/43 (46) HPs)
             Began as a Hill Orc Fighter on May 5, 2022.
             Slain by a gnoll
             ... wielding a +0 spear
              (7 damage)
             ... on level 3 of the Dungeon.
             The game lasted 00:05:34 (2059 turns).

klau3 the Chopper (Hill Orc Fighter)                Turns: 2059, Time: 00:05:34

HP:   -2/43 (46)    AC:  7    Str: 27    XL:     5   Next: 11%
MP:   5/5           EV:  9    Int:  8    God:
Gold: 134           SH:  4    Dex: 10    Spells: 4/4 levels left

rFire   + . .      SeeInvis .   a - +0 war axe
rCold   . . .      Faith    .   c - +0 buckler
rNeg    . . .      Spirit   .   b - +0 scale mail
rPois   .          Reflect  .   (no helmet)
rElec   .          Harm     .   (no cloak)
rCorr   .          Rampage  .   (no gloves)
Will    .....                   (no boots)
Stlth   ..........              (no amulet)
HPRegen 0.14/turn               h - ring of protection from fire
MPRegen 0.09/turn               n - +6 ring of strength

@: drained
A: no striking features
a: no special abilities


You were on level 3 of the Dungeon.
You visited 1 branch of the dungeon, and saw 3 of its levels.

You collected 134 gold pieces.

Inventory:

Hand Weapons
 a - a +0 war axe (weapon)
Missiles
 l - 6 curare-tipped darts (quivered)
Armour
 b - a +0 scale mail (worn)
 c - a +0 buckler (worn)
 e - a +0 ring mail
Jewellery
 h - a ring of protection from fire (left hand)
 n - a +6 ring of strength (right hand)
Scrolls
 g - a scroll of enchant weapon {unknown}
 i - a scroll of fear {unknown}
 k - a scroll of enchant armour {unknown}
 m - a scroll of torment {unknown}
 o - a scroll of noise {unknown}
 p - 2 scrolls of vulnerability {unknown}
Potions
 d - 2 potions of might
 f - 2 potions of brilliance {unknown}
 j - a potion of mutation {unknown}


   Skills:
 + Level 4.2 Fighting
 + Level 5.3 Axes
 + Level 3.9 Armour
 + Level 3.8 Shields


You had 4 spell levels left.
You didn't know any spells.
Your spell library was empty.

Dungeon Overview and Level Annotations

Branches:
Dungeon (3/15)

Altars:
Xom


Message History

You block the gnoll's attack.
Things that are here:
a +0 whip; a gnoll corpse You hit the gnoll.
The gnoll is lightly wounded.
You closely miss the quokka. The gnoll completely misses you.
The quokka bites you but does no damage.
The gnoll hits you with a +0 whip.
You hit the gnoll but do no damage.
The gnoll is lightly wounded.
You hit the quokka but do no damage.
The quokka bites you but does no damage.
The gnoll hits you but does no damage. The gnoll hits you with a +0 whip.
The quokka barely misses you.
You hit the gnoll but do no damage.
The gnoll is lightly wounded.
You slash the quokka!
You kill the quokka!
The gnoll hits you from afar with a +0 spear.
The gnoll hits you with a +0 whip. The gnoll hits you but does no damage.
You slash the necrophage!
The necrophage is heavily damaged.
You hit the gnoll but do no damage. The gnoll hits you with a +0 whip.
The necrophage hits you.
You feel drained.
The gnoll hits you from afar with a +0 spear.
You hit the necrophage.
The necrophage is severely damaged.
You closely miss the gnoll. The gnoll closely misses you.
The necrophage hits you but does no damage.
The gnoll hits you but does no damage. The gnoll hits you with a +0 whip!
* * * LOW HITPOINT WARNING * * *
The necrophage hits you.
* * * LOW HITPOINT WARNING * * *
You feel drained.
* * * LOW HITPOINT WARNING * * *
You slash the necrophage!
You destroy the necrophage!
You barely miss the gnoll.
The gnoll hits you from afar with a +0 spear!
You die...

#... ... #..
... # #.# ####
####.##g##.....
.......g.......
#.##@##r#
#..#†#.# #...#
##..# ##.# #)#
###.# #...#
#.###


You could see 2 gnolls.

Vanquished Creatures
  A necrophage (D:3)
  4 gnolls
  3 adders
  A worm (D:2)
  5 dart slugs
  3 orcs (D:3)
  6 ball pythons
  6 bats
  3 endoplasms
  A giant cockroach (D:1)
  5 goblins
  A hobgoblin (D:1)
  4 kobolds
  2 quokkas
  3 frilled lizards
  6 rats
54 creatures vanquished.

Vanquished Creatures (others)
  A bat (D:1)
1 creature vanquished.

Grand Total: 55 creatures vanquished

Notes
Turn   | Place    | Note
-------+----------+-------------------------------------------
     0 | D:1      | klau3 the Hill Orc Fighter began the quest for the Orb.
     0 | D:1      | Reached XP level 1. HP: 19/19 MP: 1/1
   108 | D:1      | Reached XP level 2. HP: 24/27 MP: 2/2
   196 | D:1      | Reached skill level 3 in Axes
   585 | D:1      | Reached XP level 3. HP: 30/33 MP: 3/3
   910 | D:2      | Found a faded altar of an unknown god.
   927 | D:2      | Reached skill level 4 in Axes
   927 | D:2      | Reached XP level 4. HP: 26/40 MP: 4/4
  1451 | D:2      | Found a shimmering altar of Xom.
  1974 | D:3      | Reached skill level 5 in Axes
  1974 | D:3      | Reached XP level 5. HP: 30/46 MP: 5/5
  2050 | D:3      | Noticed a necrophage
  2059 | D:3      | Killed a necrophage
  2059 | D:3      | Slain by a gnoll

Illustrated notes

Levels and vault maps discovered:
D:1:      ncdulo_watergridlock, layout_rooms
D:2:      layout_basic, basic_altar, basic_ecumenical_altar
D:3:      layout_loops_ring, portal_sewer_entry_e

Skill      XL: |  1  2  3  4 |
---------------+-------------+-----
Fighting       | 4 |  4.2
Axes           | 3 4 5 |  5.3
Armour         | |  3.9
Shields        | |  3.8

Action                   |  1- 3 |  4- 6 || total
-------------------------+-------+-------++-------
Melee: War axe           |    55 |    64 ||   119
Armor: Scale mail        |    33 |    33 ||    66
Dodge: Dodged            |    33 |    28 ||    61
Block: Buckler           |    15 |    16 ||    31
